 Dungeon Crawl Stone Soup version 0.23.2-40-g277498a001 (webtiles) character file.

Game seed: 6691882042206125853

30 Descartes the Skirmisher (level 3, -2/43 HPs)
             Began as a Demonspawn Fighter on Sept 25, 2019.
             Slain by a gnoll
             ... wielding a +0 halberd
              (4 damage)
             ... on level 1 of the Dungeon.
             The game lasted 00:01:34 (427 turns).

Descartes the Skirmisher (Demonspawn Fighter)        Turns: 427, Time: 00:01:35

Health: -2/43      AC: 21    Str: 17    XL:     3   Next: 3%
Magic:  3/3        EV:  2    Int:  9    God:
Gold:   21         SH:  9    Dex: 12    Spells: 2/2 levels left

rFire    . . .     SeeInvis .   a - +0 war axe
rCold    . . .     Gourm    .   c - +0 shield
rNeg     + + +     Faith    .   (armour currently unavailable)
rPois    +         Spirit   .   (helmet currently unavailable)
rElec    .         Reflect  .   (cloak currently unavailable)
rCorr    .         Harm     .   (gloves currently unavailable)
MR       .....     NoTele   +   (boots currently unavailable)
Stlth    +.........             (no amulet)
HPRegen  0.14/turn              (no ring)
MPRegen  0.08/turn              (no ring)

@: tree-form
A: no striking features
a: no special abilities


You were on level 1 of the Dungeon.
You were not hungry.
You were a tree.
You visited 1 branch of the dungeon, and saw 1 of its levels.

You collected 21 gold pieces.

Inventory:

Hand Weapons
 a - a +0 war axe (weapon)
Armour
 b - a +0 scale mail (melded)
 c - a +0 shield (worn)
Scrolls
 e - 2 scrolls of teleportation {unknown}
Potions
 d - a potion of might
 j - a potion of heal wounds {unknown}
Comestibles
 f - 2 rations
 g - 13 chunks of flesh


   Skills:
 + Level 3.4 Fighting
 + Level 2.0 Axes
 + Level 2.8 Armour
 * Level 3.2 Shields


You had 2 spell levels left.
You didn't know any spells.
Your spell library was empty.

Dungeon Overview and Level Annotations

Branches:
Dungeon (1/15)

Altars:


Innate Abilities, Weirdness & Mutations

((You are partially covered in molten scales. (AC +2)))
((Your flesh is heat resistant. (rF+)))


Message History

The gnoll hits you but does no damage.
You closely miss the leopard gecko. The leopard gecko bites you.
* * * LOW HITPOINT WARNING * * *
The gnoll hits you but does no damage.
The leopard gecko bites you but does no damage.
You closely miss the leopard gecko.
The leopard gecko bites you but does no damage.
The gnoll hits you but does no damage.
You closely miss the leopard gecko.
The leopard gecko bites you but does no damage.
The gnoll hits you from afar with a +0 halberd.
* * * LOW HITPOINT WARNING * * *
You block the leopard gecko's attack.
You hit the leopard gecko but do no damage.
The leopard gecko bites you but does no damage.
The gnoll hits you from afar with a +0 halberd!
* * * LOW HITPOINT WARNING * * *
The leopard gecko bites you but does no damage.
The gnoll hits you from afar with a +0 halberd.
You die...

.............# .............#
.............# ..##+#####'### .
##'## ..###+# #...# ##### .......
#...## #...#
......##....##########.<.#
.......#...gggl♣.....'...#
...###...#'################
.........+.# ########
........l#.# #......#####..
........g..#########.............
...............................#
...........g..........#........##
..###....#............#..........
..+..............................


You could see 2 gnolls, a leopard gecko and a hobgoblin.

Vanquished Creatures
  A dart slug (D:1)
  3 leopard geckos (D:1)
  A ball python (D:1)
  6 bats (D:1)
  2 goblins (D:1)
  A hobgoblin (D:1)
  3 jackals (D:1)
  A kobold (D:1)
  A frilled lizard (D:1)
  3 rats (D:1)
22 creatures vanquished.

Notes
Turn   | Place    | Note
-------+----------+-------------------------------------------
     0 | D:1      | Descartes the Demonspawn Fighter began the quest for the
                  | Orb.
     0 | D:1      | Reached XP level 1. HP: 18/18 MP: 1/1
   234 | D:1      | Gained mutation: You are partially covered in molten
                  | scales. (AC +2) [demonic ancestry]
   234 | D:1      | Reached XP level 2. HP: 24/24 MP: 2/2
   423 | D:1      | Gained mutation: Your flesh is heat resistant. (rF+)
                  | [demonic ancestry]
   423 | D:1      | Reached XP level 3. HP: 10/29 MP: 3/3
   427 | D:1      | HP: 2/43 [gnoll/+0 halberd (7)]
   427 | D:1      | Slain by a gnoll

Skill      XL: |  1  2 |
---------------+-------+-----
Shields        | 3 |  3.2
Axes           | 2 |  2.0
Fighting       | |  3.4
Armour         | |  2.8

Action                   || total
-------------------------++-------
Melee: War axe           ||    70
  Use: Potion            ||     2
Armor: Scale mail        ||    56
       Skin              ||     8
Dodge: Dodged            ||    27
Block: Shield            ||    49
